 Dungeon Crawl Stone Soup version 0.30.0-29-ga12c61a403 (webtiles) character file.

Game seed: 10816006283966232559

599 croobank the Firebug (level 6, -30/48 HPs)
             Began as a Demigod Fire Elementalist on June 19, 2023.
             Annihilated by an ogre
             ... wielding a +0 giant spiked club
              (33 damage)
             ... on level 5 of the Dungeon.
             The game lasted 00:14:52 (5292 turns).

croobank the Firebug (Demigod Fire Elementalist)    Turns: 5292, Time: 00:14:52

Health: -30/48     AC:  6    Str:  9    XL:     6   Next: 96%
Magic:  5/13       EV: 13    Int: 25    God:
Gold:   166        SH:  0    Dex: 14    Spells: 5/11 levels left

rFire   + . .        v - +1 short sword (elec)
rCold   . . .        (no shield)
rNeg    . . .        a - +0 robe
rPois   .            o - +2 helmet
rElec   .            (no cloak)
rCorr   .            E - +0 pair of gloves
SInv    .            (no boots)
Will    .....        c - amulet "Wahiag" {Faith rF+ Regen+ Stlth-}
Stlth   +            (no ring)
HPRegen 1.08/turn    (no ring)
MPRegen 0.13/turn

%: faith
@: no status effects
A: high MP 1, forlorn, divine attributes
a: no special abilities


You were on level 5 of the Dungeon.
You visited 1 branch of the dungeon, and saw 5 of its levels.

You collected 222 gold pieces.
You spent 56 gold pieces at shops.

Inventory:

Hand Weapons
 b - a +1 sling of electrocution
 d - a +1 dagger of electrocution
 e - a +0 vampiric dagger
 f - a +0 short sword
 j - a +2 heavy hand axe
 v - a +1 short sword of electrocution (weapon)
 y - a +0 falchion
 D - a +2 whip of electrocution
Armour
 a - a +0 robe (worn)
 h - a +0 leather armour
 i - a +0 ring mail
 o - a +2 helmet (worn)
 w - a +0 scale mail of fire resistance
 E - a +0 pair of gloves (worn)
Magical Staves
 q - a staff of cold
Jewellery
 c - the amulet "Wahiag" (around neck) {Faith rF+ Regen+ Stlth-}
   (You found it on level 3 of the Dungeon)

   [amulet of faith]

   It allows you to gain divine favour quickly.
   rF:        It protects you from fire.
   Regen:     It increases your rate of health regeneration.
   Stlth:     It makes you less stealthy.
Wands
 m - a wand of digging (6)
 A - a wand of mindburst (16)
Scrolls
 s - 3 scrolls of immolation
 u - a scroll of vulnerability
Potions
 g - 2 potions of lignification
 k - 2 potions of cancellation
 l - a potion of might
 n - 3 potions of heal wounds
 p - a potion of curing {unknown}
 r - a potion of brilliance {unknown}
 t - a potion of attraction {unknown}
 x - a potion of berserk rage {unknown}
 z - 2 potions of flight {unknown}
 B - 2 potions of magic
 C - a potion of invisibility {unknown}


   Skills:
 + Level 2.3 Fighting
 + Level 1.0 Short Blades
 + Level 3.1 Dodging
 + Level 3.5 Stealth
 + Level 3.1 Spellcasting
 + Level 2.6 Conjurations
 + Level 0.7 Hexes
 + Level 3.9 Fire Magic


You had 5 spell levels left.
You knew the following spells:

 Your Spells              Type           Power      Damage    Failure   Level
a - Foxfire               Conj/Fire      80%        2x1d8     2%          1
b - Scorch                Fire           46%        2d7       3%          2
c - Inner Flame           Hex/Fire       15%        N/A       12%         3

Your spell library contained the following spells:

 Spells                   Type           Power      Damage    Failure   Level
 Beastly Appendage        Tmut           6%         N/A       10%         1
 Necrotise                Necr           12%        1d4       10%         1
 Ensorcelled Hibernation  Hex/Ice        10%        N/A       13%         2
 Volatile Blastmotes      Fire/Tloc      26%        2d12      13%         3
 Wereblood                Tmut           3%         N/A       16%         2
 Flame Wave               Conj/Fire      20%        2d7       26%         4
 Spider Form              Tmut/Pois      3%         N/A       30%         3
 Vampiric Draining        Necr           3%         2d6       30%         3
 Anguish                  Hex/Necr       2%         N/A       65%         4
 Agony                    Necr           3%         N/A       95%         5


Dungeon Overview and Level Annotations

Branches:
Dungeon (5/15)
 Temple: D:4-7

Shops:
D:3 *


Innate Abilities, Weirdness & Mutations

You have an increased reservoir of magic. (+10% MP)
You shall have no god before yourself.
Your divine heritage dramatically boosts your attributes as you level up.


Message History

Found a shimmering altar of Xom.
The ogre shouts!
An orc comes into view. It is wielding a +0 whip.
The ogre moves out of view.
You see here a scorpion corpse.
The orc jeers repeatedly, as Orcs often do.
An adder comes into view.
The orc hits you with a +0 club.
You barely miss the orc. The orc hits you with a +0 club.
You hit the orc.
The orc is moderately wounded.
The orc misses you.
You hit the orc.
The orc is severely wounded.
The orc hits you with a +0 club.
You hit the orc but do no damage.
The orc is severely wounded.
The orc hits you with a +0 club.
You hit the orc but do no damage. Lightning courses through the orc!
You kill the orc!
You barely miss the ogre.
The ogre hits you with a +0 giant spiked club!!
You barely miss the ogre. The ogre closely misses you.
You barely miss the ogre.
Casting: Scorch (safe; 3% risk of failure)
Confirm with . or Enter, or press ? or * to list all spells.
Flames lash the adder.
The adder is almost dead.
The adder's fire resistance burns away.
The ogre hits you with a +0 giant spiked club!!
Ouch! That really hurt!
* * * LOW HITPOINT WARNING * * *
Casting: Scorch (safe; 3% risk of failure)
Confirm with . or Enter, or press ? or * to list all spells.
Flames lash the ogre.
The ogre is moderately wounded.
The ogre's fire resistance burns away.
The ogre hits you with a +0 giant spiked club!!
Ouch! That really hurt!
You die...

.........#..#
#.#.##..#.#..#
. #.##.##.#..#
#.#...#>#..#
...#......#
##...###.##
########.####.#
.....>........#
..######@######
#O# #S#
..Wo.~Wo#
..☼w.§w.#
....l~..#
~...~~#.#
≈≈~~~##.# ###.#
#.#


You could see an ogre (combustible), a phantom, an adder (combustible), a dart
slug and an orc.

Vanquished Creatures
  2 ogres (D:4)
  2 scorpions
  A hound (D:4)
  A jelly (D:4)
  Terence (D:2)
  An iguana (D:4)
  An orc wizard (D:4)
  Robin (D:2)
  A gnoll (D:3)
  3 adders
  An ufetubus (D:5)
  A worm (D:4)
  2 dart slugs (D:3)
  10 orcs
  9 ball pythons
  8 endoplasms
  A giant cockroach (D:3)
  21 goblins
  7 hobgoblins
  8 jackals
  4 quokkas
  5 bats
  3 frilled lizards (D:3)
  11 kobolds
  7 rats
112 creatures vanquished.

Vanquished Creatures (others)
  199 foxfires
199 creatures vanquished.

Grand Total: 311 creatures vanquished

Notes
Turn   | Place    | Note
-------+----------+-------------------------------------------
     0 | D:1      | croobank the Demigod Fire Elementalist began the quest for
                  | the Orb.
     0 | D:1      | Reached XP level 1. HP: 14/14 MP: 5/5
    52 | D:1      | Reached skill level 1 in Conjurations
   246 | D:1      | Reached XP level 2. HP: 20/20 MP: 4/7
   249 | D:1      | Learned a level 2 spell: Scorch
   696 | D:2      | Noticed Robin
   896 | D:2      | Reached XP level 3. HP: 23/27 MP: 3/8
  1029 | D:2      | Killed Robin
  1260 | D:2      | Learned a level 3 spell: Inner Flame
  1870 | D:2      | Noticed Terence
  1889 | D:2      | Killed Terence
  1890 | D:2      | Reached skill level 1 in Fighting
  1890 | D:2      | Reached XP level 4. HP: 35/35 MP: 1/10
  2133 | D:3      | Found Mohuminn's General Store.
  2136 | D:3      | Bought a scroll of immolation for 56 gold pieces
  2409 | D:3      | Reached XP level 5. HP: 40/40 MP: 5/11
  3266 | D:3      | Identified the amulet "Wahiag" {Faith rF+ Regen+ Stlth-}
  3697 | D:4      | Noticed an ogre
  3909 | D:4      | Killed an ogre
  3910 | D:4      | Reached XP level 6. HP: 48/48 MP: 0/13
  5250 | D:5      | Entered Level 5 of the Dungeon
  5277 | D:5      | Reached skill level 1 in Short Blades
  5291 | D:5      | HP: 2/48 [ogre/+0 giant spiked club (28)]
  5292 | D:5      | Annihilated by an ogre

Illustrated notes

Levels and vault maps discovered:
D:1:      psy_arrival_whirlpool, layout_rooms
D:2:      layout_basic, uniq_robin, uniq_terence
D:3:      minmay_octagon_keep, layout_basic, serial_shops,
          nicolae_shop_window_shopping, skrybe_limestone_x, grunt_ministairs_3,
          st_stairs_4
D:4:      layout_basic, grunt_temple_overflow_diamond, minmay_misc_feat_encased
D:5:      layout_loops_ring, xom_confusion_cloud,
          minmay_temple_entry_proselytizer, enter_ossuary_1, st_stairs_11

Skill      XL: |  1  2  3  4  5  6 |
---------------+-------------------+-----
Conjurations   | 1 2 |  2.6
Stealth        | 2 3 |  3.5
Dodging        | 2 3 |  3.1
Spellcasting   | 2 3 |  3.1
Fire Magic     | 3 |  3.9
Fighting       | 1 2 |  2.3
Short Blades   | 1 |  1.0
Hexes          | |  0.7

Action                     |  1- 3 |  4- 6 || total
---------------------------+-------+-------++-------
  Melee: Dagger            |    26 |    16 ||    42
         Punch             |     1 |     1 ||     2
         Short sword       |       |    35 ||    35
  Throw: Throwing net      |     3 |       ||     3
   Cast: Foxfire           |    53 |    62 ||   115
         Scorch            |    19 |    51 ||    70
    Use: Scroll            |       |    12 ||    12
   Stab: Sleeping          |     2 |     6 ||     8
         Held in net/web   |     1 |       ||     1
 Armour: Robe              |     7 |    22 ||    29
  Dodge: Dodged            |    32 |    43 ||    75
